 Dungeon Crawl Stone Soup version 0.18-a0-1171-ga8e22e7 (webtiles) character file.

21603 mrath the Cleaver (level 12, -15/106 HPs)
             Began as a Minotaur Fighter on Jan 26, 2016.
             Was a High Priest of Okawaru.
             Killed from afar by a frost giant (32 damage)
             ... with a bolt of cold
             ... in an ice cave on Jan 27, 2016.
             The game lasted 01:58:38 (15288 turns).

mrath the Cleaver (Minotaur Fighter)               Turns: 15288, Time: 01:58:39

Health: -15/106    AC: 22    Str: 29    XL:     12   Next: 55%
Magic:  0/15       EV: 16    Int:  5    God:    Okawaru [*****.]
Gold:   727        SH: 17    Dex: 12    Spells: 0 memorised, 11 levels left

rFire  . . .     SeeInvis +     a - +2 war axe
rCold  . . .     Gourm    .     t - +0 plate armour
rNeg   . . .     Faith    .     c - +2 shield
rPois  .         Spirit   +     (helmet restricted)
rElec  .         Dismiss  .     U - +0 cloak (curse)
rCorr  .         Reflect  .     A - +0 pair of gloves
SustAt .         Harm     .     R - +0 pair of boots
MR     .....                    I - amulet of guardian spirit
Stlth  ..........               q - ring of see invisible
                                O - +2 ring of evasion

@: mighty, heroism, finesse, not resistant to hostile enchantments, extremely
unstealthy
A: retaliatory headbutt, horns 2
a: Heroism, Finesse, Renounce Religion


You were in an ice cave.
You worshipped Okawaru.
Okawaru was extremely pleased with you.
You were not hungry.

You visited 3 branches of the dungeon, and saw 12 of its levels.
You also visited: Ice Cave.

You collected 760 gold pieces.
You spent 33 gold pieces at shops.

Inventory:

Hand Weapons
 a - a +2 war axe (weapon)
 j - a +2 battleaxe of freezing
 z - a +4 hunting sling of flaming
 N - a +3 flail of protection
Missiles
 v - 6 poisoned tomahawks (quivered)
 L - 51 sling bullets
 X - a javelin
Armour
 c - a +2 shield (worn)
 t - a +0 plate armour (worn)
 A - a +0 pair of gloves (worn)
 R - a +0 pair of boots (worn)
 U - a cursed +0 cloak (worn)
Jewellery
 q - a ring of see invisible (right hand)
 I - an amulet of guardian spirit (around neck)
 O - a +2 ring of evasion (left hand)
 W - an uncursed ring of flight
Wands
 l - a wand of flame (27/48)
 n - a wand of fireball (5/15)
 y - a wand of fire (6/15)
Scrolls
 e - 5 scrolls of identify
 h - a scroll of enchant weapon
 k - a scroll of blinking {unknown}
 o - a scroll of fog {unknown}
 B - a scroll of teleportation
 Q - 3 scrolls of remove curse
Potions
 d - a potion of lignification
 m - a potion of agility
 s - 2 potions of curing
Miscellaneous
 f - a sack of spiders
Comestibles
 b - 4 chunks of flesh
 g - a beef jerky
 i - a bread ration
 D - 4 fruits


   Skills:
 + Level 10.2(15.2) Fighting
 + Level 11.7(16.7) Axes
 + Level 10.8(15.8) Armour
 + Level 9.1(14.1) Dodging
 + Level 10.6(15.6) Shields
 + Level 6.2 Invocations
 + Level 5.7 Evocations


You had 11 spell levels left.
You didn't know any spells.

Dungeon Overview and Level Annotations

Branches:
Dungeon (8/15)             Temple (1/1) D:7            Lair (3/8) D:8
  Swamp: Lair:3-6    Shoals: Lair:3-6     Snake: Lair:3-6    Spider: Lair:3-6

Altars:
Ashenzari
Cheibriados
Dithmenos
Elyvilon
Fedhas
Gozag
Kikubaaqudgha
Makhleb
Nemelex Xobeh
Okawaru
Pakellas
Qazlal
Ru
Sif Muna
Vehumet
Xom
Yredelemnul
The Shining One
Jiyva

Shops:
D:4 %   D:5 *   D:7 ?

Annotations:
D:5 yogakurto's ghost, novice HOMo
Lair:1 exclusion: ice statue


Innate Abilities, Weirdness & Mutations

You reflexively headbutt those who attack you in melee.
You have a pair of horns on your head.


Message History

You completely miss the frost giant.
The frost giant is severely wounded.
The frost giant gestures at you while chanting.
The bolt of cold hits you!
* * * LOW HITPOINT WARNING * * *
You slash the frost giant! You headbutt the frost giant.
The frost giant is severely wounded.
You hit the frost giant but do no damage.
You headbutt the frost giant.
The frost giant is severely wounded.
You hit the frost giant.
The frost giant is severely wounded.
The frost giant casts a spell at you. The bolt of cold hits you!
* * * LOW HITPOINT WARNING * * *
Drink which item? (? for menu, Esc to quit)
You feel very mighty all of a sudden. The frost giant casts a spell at you.
The bolt of cold hits you!
You die...

..#
#..##
....#
#....
hY.#
##Yh#
#YY#
#C#
#@##
##.#
##.#
#..#
#.##
#.##
##.###
#.#.##
#....#


You could see a frost giant, a death yak, 2 polar bears and 3 yaks.

Vanquished Creatures
  A hydra (Lair:2)
  A death yak (IceCv)
  Pikel (D:5)
  An ice statue (IceCv)
  3 black mambas
  Joseph (D:7)
  11 spiny frogs
  4 komodo dragons
  15 polar bears
  Prince Ribbit (D:7)
  Grinder (D:3)
  4 blink frogs (Lair:1)
  Sigmund (D:3)
  A wyvern (D:5)
  2 hippogriffs
  2 basilisks (Lair:1)
  16 yaks
  7 wolves (IceCv)
  Edmund (D:5)
  5 water moccasins
  5 porcupines
  2 black bears
  An orc warrior (D:8)
  3 slaves (D:5)
  8 ice beasts
  A wasp (D:8)
  A phantom (D:4)
  A necrophage (D:7)
  3 ogres
  3 centaurs
  4 crocodiles
  Blork the orc (D:5)
  6 giant frogs
  A wyvern zombie (D:6)
  2 scorpions
  6 killer bees (D:8)
  8 wights
  4 crimson imps
  2 giant frog zombies
  2 jellies
  A quasit (D:6)
  3 orc wizards
  3 orc priests
  7 hounds
  Crazy Yiuf (D:6)
  3 iguanas
  Jessica (D:3)
  4 worker ants
  A hound skeleton (D:7)
  6 adders
  44 river rats
  A shadow imp (D:8)
  14 white imps
  2 adder skeletons
  A worm (D:3)
  8 giant geckos
  25 orcs
  4 ball pythons
  13 bats
  9 giant cockroaches
  12 goblins
  8 hobgoblins
  9 jackals
  6 quokkas
  A giant gecko skeleton (D:4)
  A giant newt (D:3)
  6 kobolds
  A quokka skeleton (D:5)
  A quokka zombie (D:5)
  5 rats
  2 fungi
  2 plants
348 creatures vanquished.

Vanquished Creatures (others)
  A giant frog (D:7)
  An iguana (D:3)
  A fungus (Lair:2)
  3 plants
6 creatures vanquished.

Grand Total: 354 creatures vanquished

Notes
Turn   | Place    | Note
--------------------------------------------------------------
     0 | D:1      | mrath the Minotaur Fighter began the quest for the Orb.
     0 | D:1      | Reached XP level 1. HP: 19/19 MP: 0/0
   137 | D:1      | Reached XP level 2. HP: 21/26 MP: 1/1
   520 | D:1      | Reached skill level 4 in Axes
   778 | D:2      | Reached XP level 3. HP: 25/31 MP: 2/2
   948 | D:2      | Found a sparkling altar of Nemelex Xobeh.
  1233 | D:2      | Reached skill level 5 in Axes
  1377 | D:2      | Reached XP level 4. HP: 39/39 MP: 3/3
  1783 | D:3      | Noticed Jessica
  1788 | D:3      | Killed Jessica
  2002 | D:3      | Reached skill level 6 in Axes
  2492 | D:3      | Reached XP level 5. HP: 44/46 MP: 4/4
  2512 | D:3      | Noticed Sigmund
  2675 | D:3      | Noticed Grinder
  2703 | D:3      | Paralysed by Grinder for 7 turns
  2712 | D:3      | Killed Grinder
  2712 | D:3      | Reached skill level 1 in Dodging
  2712 | D:3      | Reached XP level 6. HP: 50/53 MP: 5/5
  3088 | D:3      | Killed Sigmund
  3088 | D:3      | Reached XP level 7. HP: 22/60 MP: 6/6
  3338 | D:3      | Found an oddly glowing altar of Pakellas.
  3338 | D:3      | Noticed an orange crystal statue
  3519 | D:4      | Reached skill level 7 in Axes
  3614 | D:4      | Reached skill level 5 in Armour
  3617 | D:4      | Reached skill level 5 in Shields
  3715 | D:4      | Reached skill level 5 in Fighting
  3747 | D:4      | Found a stormy altar of Qazlal.
  3917 | D:4      | Found a basalt altar of Yredelemnul.
  3940 | D:4      | Found Fap Aby's Food Boutique.
  4437 | D:5      | Entered Level 5 of the Dungeon
  4472 | D:5      | Reached XP level 8. HP: 56/69 MP: 3/7
  4656 | D:5      | Noticed Edmund
  4668 | D:5      | Killed Edmund
  4712 | D:5      | Noticed yogakurto's ghost (novice HOMo)
  4927 | D:5      | Found Kokhuoh's Assorted Antiques.
  4994 | D:5      | Found a glowing golden altar of the Shining One.
  5171 | D:5      | Reached skill level 8 in Axes
  5252 | D:5      | Found a deep blue altar of Sif Muna.
  5384 | D:5      | Noticed Blork the orc
  5390 | D:5      | Killed Blork the orc
  5531 | D:5      | Noticed Pikel
  5541 | D:5      | Killed Pikel
  5541 | D:5      | Reached XP level 9. HP: 73/78 MP: 8/8
  6016 | D:6      | Found a shadowy altar of Dithmenos.
  6050 | D:6      | Found an opulent altar of Gozag.
  6098 | D:6      | Reached skill level 5 in Dodging
  6432 | D:6      | Found a snail-covered altar of Cheibriados.
  6583 | D:6      | Noticed Crazy Yiuf
  6588 | D:6      | Paralysed by Crazy Yiuf for 4 turns
  6592 | D:6      | Killed Crazy Yiuf
  6711 | D:7      | Reached skill level 9 in Axes
  6839 | D:7      | Noticed Joseph
  6932 | D:7      | Found a staircase to the Ecumenical Temple.
  6945 | Temple   | Entered the Ecumenical Temple
  6960 | Temple   | Became a worshipper of Warmaster Okawaru
  7066 | D:7      | Found a blossoming altar of Fedhas.
  7067 | D:7      | Found an ancient bone altar of Kikubaaqudgha.
  7199 | D:7      | Noticed Prince Ribbit
  7214 | D:7      | Killed Prince Ribbit
  7233 | D:7      | Found Ycsozu's Magic Scroll Emporium.
  7547 | D:7      | Bought a scroll of teleportation for 33 gold pieces
  7778 | D:7      | Killed Joseph
  7778 | D:7      | Reached * piety under Okawaru
  7778 | D:7      | Reached skill level 1 in Invocations
  7778 | D:7      | Reached skill level 1 in Evocations
  8039 | D:7      | Found a radiant altar of Vehumet.
  8040 | D:7      | Found a burning altar of Makhleb.
  8350 | D:8      | Reached XP level 10. HP: 86/88 MP: 10/10
  8378 | D:8      | Reached ** piety under Okawaru
  8797 | D:8      | Found a shimmering altar of Xom.
  8892 | D:8      | Found a shadowy altar of Dithmenos.
  9213 | D:8      | Found a staircase to the Lair.
  9340 | Lair:1   | Entered Level 1 of the Lair of Beasts
  9551 | Lair:1   | Noticed a spiny frog
  9565 | Lair:1   | Killed a spiny frog
  9565 | Lair:1   | Reached *** piety under Okawaru
  9565 | Lair:1   | Reached skill level 10 in Axes
  9743 | Lair:1   | Reached **** piety under Okawaru
  9864 | Lair:1   | Reached XP level 11. HP: 40/95 MP: 6/12
 10284 | D:8      | Paralysed by a wasp for 3 turns
 11203 | Lair:1   | Reached ***** piety under Okawaru
 11878 | Lair:1   | Received a gift from Okawaru
 11904 | Lair:2   | Reached skill level 11 in Axes
 11992 | Lair:2   | Reached skill level 5 in Invocations
 13167 | Lair:2   | Noticed a five-headed hydra
 13201 | Lair:2   | Killed a 12-headed hydra
 13201 | Lair:2   | Reached skill level 10 in Shields
 13955 | Lair:3   | Reached skill level 10 in Armour
 14028 | Lair:3   | Reached XP level 12. HP: 104/106 MP: 15/15
 14067 | Lair:3   | Found a frozen archway.
 14088 | Lair:3   | Reached skill level 5 in Evocations
 14104 | IceCv    | Entered an ice cave
 14588 | IceCv    | Received a gift from Okawaru
 14670 | IceCv    | Reached skill level 10 in Fighting
 14792 | IceCv    | Noticed a death yak
 14813 | IceCv    | Killed a death yak
 15264 | IceCv    | Noticed a frost giant
 15264 | IceCv    | Noticed a death yak
 15288 | IceCv    | Killed from afar by a frost giant

Vault maps used:
D:1:      dpeg_arrival_windows_large_door
D:2:      nemelex_xobeh_ov_fountains_minmay
D:3:      gammafunk_pakellas_statue_experiment, uniq_jessica, uniq_grinder,
          uniq_sigmund
D:4:      lemuel_doored_altar, old_standard_altar, serial_shops, shop
D:5:      old_standard_altar, nicolae_overflow_crystal_walls, first_bread,
          serial_shops, kennysheep_mini, minmay_misc_feat_alley,
          hangedman_glass_teeth, uniq_pikel, uniq_blork_the_orc, uniq_edmund
D:6:      nicolae_dithmenos_shadow_blocks, cheibriados_altar_wand_db,
          nicolae_overflow_hidden_temple, uniq_crazy_yiuf_cottage
D:7:      grunt_temple_overflow_lords_of_destruction,
          grunt_temple_overflow_growth_and_decay, minmay_temple_entry_junction,
          serial_shops, shop_statue, uniq_joseph, uniq_prince_ribbit1
D:8:      kennysheep_mini_moat, lair_0_dummy, basic_altar
Temple:   pf_slimified_temple
Lair:1:   ice2_lemuel
Lair:2:   beast_lair_carwin_4, serial_bayou_shore_a
Lair:3:   portal_ice_cave_entry_imps, grunt_megastairs_1
IceCv:    ice_cave_caverns_03

Action                   |  1- 3 |  4- 6 |  7- 9 | 10-12 || total
-------------------------+-------+-------+-------+-------++-------
Melee: War axe           |    92 |    83 |   296 |   706 ||  1177
       Flail             |       |       |       |    39 ||    39
 Fire: Hunting sling     |       |       |     5 |    51 ||    56
Throw: Stone             |     3 |     7 |    59 |     7 ||    76
       Javelin           |       |       |    20 |       ||    20
       Tomahawk          |       |       |       |    57 ||    57
Invok: Heroism           |       |       |       |     5 ||     5
       Finesse           |       |       |       |     2 ||     2
Evoke: Wand              |       |       |       |     5 ||     5
  Use: Scroll            |       |     1 |    13 |     5 ||    19
       Potion            |       |     1 |     3 |     2 ||     6
 Stab: Invisible         |       |       |     2 |       ||     2
  Eat: Chunk             |     2 |     5 |    16 |    16 ||    39
       Beef jerky        |       |       |     1 |     2 ||     3
       Fruit             |       |       |       |     3 ||     3
       Pizza             |       |       |       |     1 ||     1
